 Dungeon Crawl Stone Soup version 0.30.0-29-ga12c61a403 (webtiles) character file.

Game seed: 5466694072193290771

18 javelincjr the Magician (level 2, -3/19 HPs)
             Began as a Demonspawn Hedge Wizard on June 12, 2023.
             Slain by Terence
             ... wielding a +0 flail
              (9 damage)
             ... on level 2 of the Dungeon.
             The game lasted 00:04:07 (827 turns).

javelincjr the Magician (Demonspawn Hedge Wizard)    Turns: 827, Time: 00:04:08

Health: -3/19      AC:  2    Str: 10    XL:     2   Next: 48%
Magic:  5/6        EV: 12    Int: 15    God:
Gold:   46         SH:  0    Dex: 12    Spells: 2/7 levels left

rFire   . . .        a - +0 dagger
rCold   . . .        (no shield)
rNeg    . . .        b - +0 robe
rPois   .            c - +0 hat
rElec   .            (no cloak)
rCorr   .            (no gloves)
SInv    +            (no boots)
Will    .....        (no amulet)
Stlth   ++           g - ring of see invisible
HPRegen 0.23/turn    (no ring)
MPRegen 0.10/turn

%: no passive effects
@: no status effects
A: antennae 1
a: no special abilities


You were on level 2 of the Dungeon.
You visited 1 branch of the dungeon, and saw 2 of its levels.

You collected 46 gold pieces.

Inventory:

Hand Weapons
 a - a +0 dagger (weapon)
Missiles
 e - 6 atropa-tipped darts
 i - 21 stones
Armour
 b - a +0 robe (worn)
 c - a +0 hat (worn)
Jewellery
 g - a ring of see invisible (left hand)
 j - a ring of flight
Scrolls
 f - a scroll of brand weapon {unknown}
 h - a scroll of enchant armour {unknown}
 k - a scroll of fog {unknown}
 l - a scroll of poison {unknown}
 n - 2 scrolls of identify {unknown}
 o - a scroll of noise {unknown}
Potions
 d - a potion of magic
 m - a potion of heal wounds {unknown}
 p - a potion of haste {unknown}


   Skills:
 * Level 0.0 Fighting
 + Level 2.0 Dodging
 + Level 2.0 Stealth
 + Level 3.1 Spellcasting
 + Level 1.2 Conjurations
 + Level 1.2 Summonings
 + Level 1.3 Translocations


You had 2 spell levels left.
You knew the following spells:

 Your Spells              Type           Power      Damage    Failure   Level
a - Magic Dart            Conj           24%        1d4       12%         1
b - Blink                 Tloc           12%        N/A       17%         2
c - Call Imp              Summ           12%        N/A       19%         2

Your spell library contained the following spells:

 Spells                   Type           Power      Damage    Failure   Level
 Slow                     Hex            8%         N/A       21%         1
 Cigotuvi's Dreadful Rot  Necr/Pois/Air  4%         N/A       30%         2
 Mephitic Cloud           Conj/Pois/Air  3%         N/A       45%         3


Dungeon Overview and Level Annotations

Branches:
Dungeon (2/15)

Altars:

Annotations:
D:2 Terence


Innate Abilities, Weirdness & Mutations

You have a pair of small antennae on your head.


Message History

Your cerulean imp disappears in a puff of smoke!
Terence the Incautious comes into view.
He is wielding a +0 flail.
Terence shouts!
You see here 3 gold pieces.
Casting: Call Imp (safe; 19% risk of failure)
Confirm with . or Enter, or press ? or * to list all spells.
A tiny devil pulls itself out of the air.
Your cerulean imp closely misses Terence.
Your cerulean imp closely misses Terence.
Your cerulean imp hits Terence but does no damage.
Terence hits your cerulean imp with a +0 flail!
Your cerulean imp barely misses Terence.
Terence misses your cerulean imp.
Your cerulean imp hits Terence but does no damage.
Terence closely misses you.
You hit Terence but do no damage.
Your cerulean imp hits Terence with a -4 spear.
Terence hits you with a +0 flail.
You hit Terence but do no damage.
Terence is lightly wounded.
Your cerulean imp barely misses Terence.
Terence hits you with a +0 flail.
You barely miss Terence.
Terence is lightly wounded.
Your cerulean imp hits Terence but does no damage.
Terence hits you with a +0 flail.
You are too injured to fight recklessly!
You hit Terence but do no damage.
Terence is lightly wounded.
Your cerulean imp hits Terence with a -4 spear.
Terence barely misses you.
You hit Terence but do no damage.
Terence is lightly wounded.
Your cerulean imp hits Terence but does no damage.
Terence hits you with a +0 flail.
You hit Terence but do no damage.
Terence is lightly wounded.
Your cerulean imp barely misses Terence.
Terence hits you with a +0 flail!
You die...

# ############
#.#...@@$....#
#.#....5...#.#
+..........#
#.#.########
#.#......... #
#.########
#<.......
#.#.#####
..>...


You could see Terence (ally target) and a friendly cerulean imp (summoned).

Vanquished Creatures
  A ball python (D:1)
  A bat (D:1)
  2 endoplasms (D:1)
  A giant cockroach (D:1)
  A goblin (D:1)
  2 hobgoblins (D:1)
  A quokka (D:1)
  2 frilled lizards (D:1)
  3 kobolds (D:1)
  A rat (D:1)
15 creatures vanquished.

Notes
Turn   | Place    | Note
-------+----------+-------------------------------------------
     0 | D:1      | javelincjr the Demonspawn Hedge Wizard began the quest for
                  | the Orb.
     0 | D:1      | Reached XP level 1. HP: 13/13 MP: 4/4
    69 | D:1      | Reached skill level 1 in Translocations
   250 | D:1      | Gained mutation: You have a pair of small antennae on your
                  | head. [demonic ancestry]
   250 | D:1      | Reached XP level 2. HP: 17/19 MP: 6/6
   782 | D:2      | Learned a level 2 spell: Blink
   785 | D:2      | Learned a level 2 spell: Call Imp
   814 | D:2      | Noticed Terence
   827 | D:2      | Slain by Terence

Illustrated notes

Levels and vault maps discovered:
D:1:      dpeg_arrival_round_a, layout_basic
D:2:      layout_basic, minivault_24, uniq_crazy_yiuf_cottage, uniq_sigmund,
          uniq_terence

Skill      XL: |  1  2 |
---------------+-------+-----
Translocations | 1 |  1.3
Stealth        | 2 |  2.0
Dodging        | 2 |  2.0
Spellcasting   | |  3.1
Conjurations   | |  1.2
Summonings     | |  1.2

Action                     || total
---------------------------++-------
  Melee: Dagger            ||    52
         Punch             ||     1
   Cast: Magic Dart        ||    17
         Call Imp          ||     2
   Stab: Sleeping          ||     1
 Armour: Robe              ||    10
  Dodge: Dodged            ||    30
